 Dungeon Crawl Stone Soup version 0.28.0 (webtiles) character file.

Game seed: 5796645126834439602

65 GrayStillPlays the Skirmisher (level 3, 0/29 HPs)
             Began as a Demonspawn Fighter on Feb 13, 2022.
             Killed from afar by Sigmund (4 damage)
             ... with a puff of flame
             ... on level 3 of the Dungeon.
             The game lasted 00:03:13 (2810 turns).

GrayStillPlays the Skirmisher (Demonspawn Fighter)  Turns: 2810, Time: 00:03:14

Health: 0/29       AC:  6    Str: 18    XL:     3   Next: 94%
Magic:  3/3        EV:  9    Int: 15    God:
Gold:   79         SH:  4    Dex: 12    Spells: 2/2 levels left

rFire   . . .      SeeInvis .   a - +0 war axe {axe}
rCold   + . .      Faith    .   c - +0 buckler
rNeg    . . .      Spirit   .   b - +0 scale mail
rPois   .          Reflect  .   (no helmet)
rElec   .          Harm     .   (no cloak)
rCorr   .          Rampage  .   (no gloves)
Will    .....                   (no boots)
Stlth   ..........              (no amulet)
HPRegen 0.09/turn               n - ring of protection from cold
MPRegen 0.08/turn               u - +6 ring of intelligence

@: mighty, lethally poisoned (0 -> -14)
A: foul stench 2
a: no special abilities


You were on level 3 of the Dungeon.
You visited 1 branch of the dungeon, and saw 3 of its levels.

You collected 79 gold pieces.


Innate Abilities, Weirdness & Mutations

You sometimes emit foul miasma when damaged in melee.


   Skills:
 + Level 3.5 Fighting
 + Level 2.4 Axes
 + Level 3.2 Armour
 + Level 3.2 Shields


You had 2 spell levels left.
You didn't know any spells.
Your spell library contained the following spells:

 Spells                   Type           Power      Damage    Failure   Level
 Gell's Gravitas          Tloc           0%         N/A       97%         3
 Teleport Other           Tloc           0%         N/A       97%         3
 Dispersal                Tloc           0%         N/A       100%        6

Inventory:

Hand Weapons
 a - a +0 war axe (weapon) {axe}
 t - a +0 dagger of venom {short}
   (You took it off a kobold on level 2 of the Dungeon)
Missiles
 e - 34 bolts
 f - 22 arrows
 g - 73 stones (quivered) {throwing}
 j - 4 javelins {throwing}
Armour
 b - a +0 scale mail (worn)
 c - a +0 buckler (worn)
 s - an orb of guile
   (You found it on level 2 of the Dungeon)
Jewellery
 n - a ring of protection from cold (left hand)
   (You took it off a kobold on level 2 of the Dungeon)
 u - a +6 ring of intelligence (right hand)
   (You found it on level 2 of the Dungeon)
Scrolls
 m - a scroll of identify {unknown}
 o - 2 scrolls of magic mapping {unknown}
 p - a scroll of fear {unknown}
 q - a scroll of teleportation {unknown}
Potions
 h - a potion of heal wounds {unknown}
 i - a potion of ambrosia {unknown}
 k - a potion of mutation {unknown}
 l - a potion of curing {unknown}
 r - a potion of brilliance {unknown}

Dungeon Overview and Level Annotations

Branches:
Dungeon (3/15)

Altars:

Annotations:
D:3 Sigmund

#.# #.# #.#####.#
# #.....#.# #.
#.###.#.# ...#.#
#.#.######
##.#.###.#......#
#.........###.###
##....##......#
#....#.#@#####
##....#.#.#
....>...{.#
..##.####.### .
#. #.# ...@....#
.....#### ..#. #


There were no monsters in sight!


Message History

No target in view!
You see here a rat corpse.
Key pressed, stopping explore.
Key pressed, stopping explore.
Key pressed, stopping explore.
Done exploring.
Done exploring.
There is a stone staircase leading down here.
You climb downwards.
There is a stone staircase leading up here.
You open the door. You open the door.
There is an open door here.
A frilled lizard comes into view.
The frilled lizard hisses angrily.
A frilled lizard is nearby!
The frilled lizard barely misses you.
You hit the frilled lizard.
You kill the frilled lizard!
No target in view!
No target in view!
No target in view!
You see here a frilled lizard corpse.
You open the door.
Found a stone staircase leading up.
There is an open door here.
Key pressed, stopping explore.
You now have 79 gold pieces (gained 12).
e - 34 bolts (gained 21) Key pressed, stopping explore.
An endoplasm comes into view.
The endoplasm quivers.
The endoplasm freezes you.
You are frozen.
You resist. 😕 HP[-2]
You take 2 damage, and now have 27/29 hp.
You barely miss the endoplasm. You block the endoplasm's attack.
You completely miss the endoplasm.
The endoplasm hits you but does no damage.
The endoplasm closely misses you.
An endoplasm is nearby!
You hit the endoplasm.
The endoplasm hits you but does no damage.
You barely miss the endoplasm. You block the endoplasm's attack.
You hit the endoplasm.
You kill the endoplasm!
No target in view!
Found a stone staircase leading down. 😎 HP[+2]
Your hp is fully restored (29).
Sigmund the Dreaded comes into view.
He is wielding a +6 scythe of venom.
Sigmund shouts!
Sigmund points at you and mumbles some strange words.
You are confused.
You bump into the rock wall.
You bump into the rock wall.
Sigmund says, "You will soon forget everything."
Sigmund points at you and mumbles some strange words.
The magic dart hits you. 😕 HP[-3]
You take 3 damage, and now have 26/29 hp.
You feel less confused. Sigmund casts a spell at you.
The magic dart hits you. 😕 HP[-3]
You take 3 damage, and now have 23/29 hp.
You feel very mighty all of a sudden.
Sigmund mumbles some strange words.
Sigmund flickers and vanishes!
Deactivating autopickup; reactivate with Ctrl-A.
Something hits you.
You are poisoned. 😮 HP[-3]
You take 3 damage, and now have 20/29 hp.
You feel sick. 😮 HP[-2]
You take 2 damage, and now have 18/29 hp.
You miss something.
You feel sick. You block something's attack. 😮 HP[-1]
You take 1 damage, and now have 17/29 hp.
You closely miss something.
You feel sick. Something hits you.
* * * LOW HITPOINT WARNING * * *
You are lethally poisoned!
You emit a cloud of foul miasma! 😨 HP[-4]
You take 4 damage, and now have 13/29 hp.
You miss something.
* * * LOW HITPOINT WARNING * * *
You feel very sick. Something hits you.
* * * LOW HITPOINT WARNING * * *
You are more poisoned. 😨 HP[-5]
You take 5 damage, and now have 8/29 hp.
* * * LOW HITPOINT WARNING * * *
You feel very sick.
You hear some strange, mumbled words.
A puff of flame appears from out of thin air!
The puff of flame hits you.
You die...

Skill      XL: |  1  2 |
---------------+-------+-----
Axes           | 2 |  2.4
Armour         | 3 |  3.2
Shields        | 3 |  3.2
Fighting       | |  3.5

Action                   || total
-------------------------++-------
Melee: War axe           ||   103
  Use: Potion            ||     1
Armor: Scale mail        ||    46
Dodge: Dodged            ||    48
Block: Buckler           ||    31

Levels and vault maps discovered:
D:1:      mrwooster_arrival_statue_2, layout_basic
D:2:      layout_rooms
D:3:      layout_basic, chequers_serial_rivers_micro_b, serial_bayou_pond_b,
          hangedman_decor_points, uniq_crazy_yiuf_cottage, uniq_sigmund

Notes
Turn   | Place    | Note
-------+----------+-------------------------------------------
     0 | D:1      | GrayStillPlays the Demonspawn Fighter began the quest for
                  | the Orb.
     0 | D:1      | Reached XP level 1. HP: 18/18 MP: 1/1
     0 | D:1      | magus.rc [v1.9.6]
   566 | D:1      | Reached skill level 2 in Axes
   566 | D:1      | Gained mutation: You may rarely emit foul miasma when
                  | damaged in melee. [demonic ancestry]
   566 | D:1      | Reached XP level 2. HP: 23/24 MP: 2/2
   591 | D:1      | You add the spells Gell's Gravitas, Teleport Other and
                  | Dispersal to your library.
  1602 | D:2      | Reached skill level 3 in Armour
  1602 | D:2      | Reached skill level 3 in Shields
  1689 | D:2      | Gained mutation: You sometimes emit foul miasma when
                  | damaged in melee. [demonic ancestry]
  1689 | D:2      | Reached XP level 3. HP: 23/29 MP: 3/3
  2795 | D:3      | Noticed Sigmund
  2810 | D:3      | HP: 4/29 [poisoned by Sigmund]
  2810 | D:3      | Killed from afar by Sigmund

Vanquished Creatures
  2 adders (D:2)
  A worm (D:2)
  2 dart slugs (D:2)
  4 endoplasms
  2 giant cockroaches (D:2)
  3 goblins
  2 hobgoblins
  3 jackals (D:2)
  9 kobolds
  2 quokkas
  A ball python (D:2)
  4 bats (D:1)
  2 frilled lizards
  2 rats (D:2)
39 creatures vanquished.

Table legend:
 A = Non-vault XP
 B = Vault XP
 C = Vault XP percentage of total XP
 D = Non-vault monster count
 E = Vault monster count
 F = Vault count percentage of total count
                 A         B        C        D         E       F
            +---------+---------+-------+---------+---------+-------
      Total |      94 |       0 |   0.0 |      39 |       0 |   0.0
            +---------+---------+-------+---------+---------+-------
        D:1 |      20 |       0 |   0.0 |      13 |       0 |   0.0
        D:2 |      71 |       0 |   0.0 |      24 |       0 |   0.0
        D:3 |       3 |       0 |   0.0 |       2 |       0 |   0.0
            +---------+---------+-------+---------+---------+-------

Illustrated notes

Table legend:
 A = Kills in this place as a percentage of kills in entire the game.
 B = Kills by you in this place as a percentage of kills by you in the entire game.
 C = Kills by friends in this place as a percentage of kills by friends in the entire game.
 D = Other kills in this place as a percentage of other kills in the entire game.
 E = Experience gained in this place as a percentage of experience gained in the entire game.
 F = Experience gained in this place divided by the number of levels of this place that you have seen.
                   A       B       C       D       E      F
               +-------+-------+-------+-------+-------+----------------------
         Total | 100.0 | 100.0 |   N/A |   N/A | 100.0 |  31.3
       Dungeon | 100.0 | 100.0 |   N/A |   N/A | 100.0 |  31.3
               +-------+-------+-------+-------+-------+----------------------

Table legend: (Time is in decaauts)
 A = Elapsed time spent in this place.
 B = Non-inter-level travel time spent in this place.
 C = Inter-level travel time spent in this place.
 D = Time resting spent in this place.
 E = Time spent auto-exploring this place.
 F = Levels seen in this place.
 G = Mean time per level.
                   A        B        C        D        E       F      G
               +--------+--------+--------+--------+--------+-----+--------+
         Total |   2854 |   2801 |     53 |      0 |   2494 |   3 |  951.3 |
       Dungeon |   2854 |   2801 |     53 |      0 |   2494 |   3 |  951.3 |
               +--------+--------+--------+--------+--------+-----+--------+

Top non-repeatable levels by time:
     D:1: 1439 daAuts
     D:2: 1282 daAuts
     D:3: 132 daAuts
